 Dungeon Crawl Stone Soup version 0.31-a0-237-g2d982f9f85 (webtiles) character file.

Game seed: 6809791255044312795

67 lunkers the Cudgeller (level 4, -3/49 HPs)
             Began as a Meteoran Wanderer on July 11, 2023.
             Was an Initiate of Ashenzari.
             Killed from afar by Ijyb (15 damage)
             ... with a bolt of acid
             ... on level 3 of the Dungeon.
             The game lasted 00:03:37 (1311 turns).

lunkers the Cudgeller (Meteoran Wanderer)           Turns: 1311, Time: 00:03:37

Health: -3/49      AC: 22    Str: 17    XL:     4   Next: 67%
Magic:  18/18      EV:  2    Int: 12    God:    Ashenzari [......]
Gold:   27         SH:  0    Dex: 13    Spells: 7/8 levels left

rFire   . . .        a - +0 mace
rCold   . . .        (no shield)
rNeg    . . .        d - melded +2 scale mail
rPois   +            (helmet currently unavailable)
rElec   .            (cloak currently unavailable)
rCorr   .            (gloves currently unavailable)
SInv    .            f - melded +0 pair of boots
Will    .....        (no amulet)
Stlth   +            o - +4 ring of protection
HPRegen 0.28/turn    t - ring of magical power
MPRegen 0.16/turn

%: no passive effects
@: tree-form, corroded, glowing
A: stationary, stasis, torment immunity, boosted hp, sense surroundings 1,
otherworldly, glowing, explore regen
a: Renounce Religion


You were on level 3 of the Dungeon.
You worshipped Ashenzari.
Ashenzari was noncommittal.
You were a tree.
You visited 1 branch of the dungeon, and saw 3 of its levels.

You collected 27 gold pieces.

Inventory:

Hand Weapons
 a - a +0 mace (weapon)
 s - a +0 club
Missiles
 l - a throwing net
Armour
 d - a +2 scale mail (melded)
 f - a +0 pair of boots (melded)
Jewellery
 o - a +4 ring of protection (left branch)
 t - a ring of magical power (right branch)
Scrolls
 e - 2 scrolls of teleportation {unknown}
 h - a scroll of brand weapon {unknown}
 j - a scroll of torment {unknown}
 k - a scroll of fog {unknown}
 m - a scroll of immolation {unknown}
 n - a scroll of enchant weapon {unknown}
 p - a scroll of identify {unknown}
Potions
 b - 2 potions of lignification
 c - a potion of berserk rage
 g - a potion of enlightenment {unknown}
 i - a potion of experience {unknown}
 q - a potion of might {unknown}
 r - a potion of heal wounds {unknown}


   Skills:
 + Level 4.9 Maces & Flails
 - Level 3.6 Armour
 - Level 1.2 Dodging
 - Level 1.4 Stealth
 - Level 2.6 Spellcasting
 - Level 2.4 Summonings


You had 7 spell levels left.
You knew the following spells:

 Your Spells              Type           Power      Damage    Failure   Level
p - Summon Small Mammal   Summ           28%        N/A       10%         1

Your spell library contained the following spells:

 Spells                   Type           Power      Damage    Failure   Level
 Call Canine Familiar     Summ           7%         N/A       28%         3
 Lesser Beckoning         Tloc           2%         N/A       36%         2
 Gell's Gravitas          Tloc           1%         N/A       58%         3
 Ozocubu's Armour         Ice            1%         N/A       58%         3
 Teleport Other           Tloc           1%         N/A       58%         3
 Metabolic Englaciation   Hex/Ice        0%         N/A       100%        5
 Simulacrum               Ice/Necr       0%         N/A       100%        6


Dungeon Overview and Level Annotations

Branches:
Dungeon (3/15) Zot: 455

Altars:
Ashenzari
Hepliaklqana
Sif Muna
Xom

Annotations:
D:3 Ijyb


Innate Abilities, Weirdness & Mutations

You are a tree.
Your roots penetrate the ground, keeping you stationary.
You cannot be teleported.
You are immune to unholy pain and torment.
Your maximum health is greatly increased.
Your equipment is partially melded.
You passively map a small area around you.
You are easily found by Zot.
You glow in the dark.
You regain HP and MP as you explore.


Message History

The rat bites you but does no damage.
You hit the rat.
The rat is moderately wounded.
The rat bites you but does no damage.
You hit the rat.
You kill the rat!
No target in view!
No target in view!
No target in view!
No target in view!
No target in view!
No target in view!
No target in view!
No target in view!
No target in view!
No target in view!
You see here a rat corpse.
Found a sling.
You open the door.
Ijyb the Twisted Goblin comes into view.
She is wielding a +2 dagger of holy wrath and carrying a wand of acid (11).
Ijyb shouts!
Okay, then.
Ijyb screams, "Me kill you!"
Ijyb zaps a wand.
The bolt of acid hits you! The acid corrodes you!
There is an open door here.
Ijyb zaps a wand.
The bolt of acid hits you!
* * * LOW HITPOINT WARNING * * *
Really quaff the potion of lignification?
You turn into a tree.
Your +0 pair of boots melds into your body.
Your +2 scale mail melds into your body.
Your roots penetrate the ground.
Ijyb hits you but does no damage.
You are too injured to fight recklessly!
You barely miss Ijyb.
Ijyb grins evilly.
Ijyb hits you but does no damage.
You hit Ijyb. You punch Ijyb, but do no damage.
Ijyb is lightly wounded.
Ijyb zaps a wand.
The bolt of acid hits you!
You die...

#.##.#........###...#.###.###.#
# #.###.###.######.....## #.#
#.# # #)###.###.# ##...##
#.###.### #.........#### ##.##
#........ #####........# #.#
#####.### ##..#####.# #.# #..#
#...####* ##'## #.## #..†...#
##...## #.# #...##.#* *#♣....#
#.# ####.#..# ##g......# ##.##
#.......##.#.........####...###
#.##.......+.........+.........
# ##...####.........####...###
##..# ##.......## #...#.# *
#...# ##.....## #....#.
#.###.#.###* ##<..## #...#.#
#.......#.., ,...#*## #####.#


You could see Ijyb.

Vanquished Creatures
  2 adders (D:3)
  2 worms
  A dart slug (D:1)
  5 ball pythons (D:1)
  5 endoplasms
  2 giant cockroaches
  2 goblins (D:1)
  5 hobgoblins
  4 jackals (D:2)
  2 quokkas (D:1)
  2 bats
  2 frilled lizards (D:1)
  2 kobolds (D:1)
  4 rats
40 creatures vanquished.

Notes
Turn   | Place    | Note
-------+----------+-------------------------------------------
     0 | D:1      | lunkers the Meteoran Wanderer began the quest for the Orb.
     0 | D:1      | lunkers set off with the following items: a +0 club, a
                  | potion of lignification, a potion of berserk rage, a +2
                  | scale mail; and the following spell memorised: Summon Small
                  | Mammal; and the following spells available to memorise:
                  | Call Canine Familiar.
     0 | D:1      | Reached XP level 1. HP: 14/14 MP: 5/5
    36 | D:1      | Reached skill level 1 in Maces & Flails
   101 | D:1      | Reached XP level 2. HP: 19/20 MP: 6/6
   174 | D:1      | Reached skill level 2 in Maces & Flails
   396 | D:1      | Reached skill level 3 in Maces & Flails
   396 | D:1      | Reached XP level 3. HP: 25/26 MP: 8/8
   799 | D:2      | Found a shimmering blue altar of Sif Muna.
   887 | D:3      | Reached skill level 4 in Maces & Flails
   915 | D:3      | Reached XP level 4. HP: 11/33 MP: 9/9
  1091 | D:3      | Found a shimmering altar of Xom.
  1180 | D:3      | Found a hazy altar of Hepliaklqana.
  1180 | D:3      | Found a broken altar of Ashenzari.
  1184 | D:3      | Became a worshipper of Ashenzari the Shackled
  1305 | D:3      | Noticed Ijyb
  1311 | D:3      | Killed from afar by Ijyb

Illustrated notes

Levels and vault maps discovered:
D:1:      minmay_arrival_split_and_join, layout_loops_ring
D:2:      layout_loops_corners, shapermc_ecumenical_altar_mp_vishouse,
          basic_altar, minmay_lizard_pond, uniq_crazy_yiuf_cottage
D:3:      layout_loops_corners, xom_teletrap_fun,
          gammafunk_temple_overflow_wave, uniq_ijyb

Skill      XL: |  1  2  3 |
---------------+----------+-----
Maces & Flails | 1 3 4 |  4.9
Armour         | |  3.6
Dodging        | |  1.2
Stealth        | |  1.4
Spellcasting   | |  2.6
Summonings     | |  2.4

Action                     |  1- 3 |  4- 6 || total
---------------------------+-------+-------++-------
  Melee: Club              |   202 |    55 ||   257
         Punch             |     4 |     2 ||     6
         Mace              |       |     7 ||     7
    Use: Potion            |       |     1 ||     1
 Armour: Scale mail        |   129 |    36 ||   165
         Skin              |       |     2 ||     2
  Dodge: Dodged            |    95 |    14 ||   109

Table legend: (Time is in decaauts)
 A = Elapsed time spent in this place.
 B = Non-inter-level travel time spent in this place.
 C = Inter-level travel time spent in this place.
 D = Time resting spent in this place.
 E = Time spent auto-exploring this place.
 F = Levels seen in this place.
 G = Mean time per level.
                   A        B        C        D        E       F      G
               +--------+--------+--------+--------+--------+-----+--------+
         Total |   1343 |   1343 |      0 |      0 |    797 |   3 |  447.7 |
       Dungeon |   1343 |   1343 |      0 |      0 |    797 |   3 |  447.7 |
               +--------+--------+--------+--------+--------+-----+--------+

Top non-repeatable levels by time:
     D:1: 526 daAuts
     D:3: 501 daAuts
     D:2: 315 daAuts
